AoeStats
← weiln

Arabia

506837368Analyzed
1v1 RM · 17d ago on Sep 15, 2026· 29m 52s· 2 players
Game mode
Random Map
Map size
Tiny (2 player)
Population
200
Speed
Normal
Resources
Standard
Victory
Conquest
Starting age
Dark Age
Ending age
Imperial Age
RankedLock teamsTeams togetherTeam positionsShared explorationLock speedFull tech treeHidden civsTurbo modeCheats
Victory
Defeat
🇹🇷 Persians · Türkiye
1211
+15
🇨🇳 Burgundians · China
1183
-15
weiln
4:33 Double-Bit Axe
6:26 Loom
9:32 Feudal Age
10:37 Bow Saw
10:58 Horse Collar
17:29 Wheelbarrow
20:58 Castle Age
20:06 Scale Mail Armor
19:57 Fletching
23:27 Squires
26:12 Chain Mail Armor
26:08 Forging
26:51 Elite Skirmisher
TequilaBomBom
6:17 Loom
9:15 Feudal Age
10:15 Double-Bit Axe
10:40 Horse Collar
14:54 Forging
20:15 Castle Age
20:21 Castle Age
18:43 Fletching
19:22 Scale Barding Armor
19:48 Bloodlines
20:10 Light Cavalry
21:20 Chain Barding Armor
21:18 Husbandry
23:55 Forging
25:21 Iron Casting
29:50 Wheelbarrow
29:22 Bodkin Arrow
Connection lost

Rejoining the realm…

Still unreachable

The connection could not be restored.

Session expired

The server has moved on; the page needs a fresh start.